 Dungeon Crawl Stone Soup version 0.30-a0-953-g5f1da4a474 (webtiles) character file.

Game seed: 7039689676115216955

116 PimpSugar the Magician (level 4, 0/32 HPs)
             Began as a Demonspawn Hedge Wizard on Mar 28, 2023.
             Was an Initiate of Sif Muna.
             Slain by an iguana (10 damage)
             ... on level 4 of the Dungeon.
             The game lasted 00:08:48 (2057 turns).

PimpSugar the Magician (Demonspawn Hedge Wizard)    Turns: 2057, Time: 00:08:49

Health: 0/32       AC:  3    Str: 10    XL:     4   Next: 69%
Magic:  5/9        EV: 12    Int: 17    God:    Sif Muna [......]
Gold:   85         SH:  0    Dex: 13    Spells: 4/10 levels left

rFire   . . .      SeeInvis .    h - +2 dagger (flame)
rCold   . . .      Faith    .    (no shield)
rNeg    . . .      Spirit   .    b - +0 robe
rPois   .          Reflect  .    k - +0 helmet
rElec   .          Rampage  .    (no cloak)
rCorr   .                        (no gloves)
Will    .....                    (no boots)
Stlth   ++                       (no amulet)
HPRegen 0.25/turn                (no ring)
MPRegen 0.22/turn                (no ring)

@: very slightly contaminated
A: ignite blood 1, magic regeneration
a: Renounce Religion


You were on level 4 of the Dungeon.
You worshipped Sif Muna.
Sif Muna was noncommittal.
You visited 1 branch of the dungeon, and saw 4 of its levels.

You collected 85 gold pieces.

Inventory:

Hand Weapons
 a - a +0 dagger
 h - a +2 dagger of flaming (weapon)
 j - a +0 whip of venom
Missiles
 f - 26 stones (quivered)
 o - 4 poisoned darts
Armour
 b - a +0 robe (worn)
 c - a +0 hat
 k - a +0 helmet (worn)
 q - a +1 cloak
Scrolls
 g - a scroll of brand weapon {unknown}
 i - a scroll of torment {unknown}
 l - a scroll of identify
Potions
 d - a potion of magic
 r - a potion of resistance {unknown}


   Skills:
 + Level 1.1 Fighting
 + Level 2.2 Dodging
 + Level 2.3 Stealth
 * Level 3.5 Spellcasting
 * Level 2.1 Conjurations
 + Level 0.8 Hexes
 + Level 1.5 Summonings
 + Level 1.4 Translocations


You had 4 spell levels left.
You knew the following spells:

 Your Spells              Type           Power      Damage    Failure   Level
a - Magic Dart            Conj           40%        1d5       7%          1
b - Call Imp              Summ           8%         N/A       13%         2
d - Slow                  Hex            20%        N/A       12%         1
e - Blink                 Tloc           14%        N/A       14%         2

Your spell library contained the following spells:

 Spells                   Type           Power      Damage    Failure   Level
 Cigotuvi's Dreadful Rot  Necr/Pois/Air  4%         N/A       26%         2
 Mephitic Cloud           Conj/Pois/Air  5%         N/A       36%         3
 Ozocubu's Armour         Ice            2%         N/A       45%         3
 Ozocubu's Refrigeration  Ice            1%         4d7       100%        7


Dungeon Overview and Level Annotations

Branches:
Dungeon (4/15)
 Temple: D:4-7

Altars:
Fedhas
Hepliaklqana
Sif Muna
Xom

Shops:
D:4 (

Annotations:
D:4 Ijyb


Innate Abilities, Weirdness & Mutations

Your demonic aura sometimes causes spilled blood to erupt in flames.
You regenerate magic rapidly.


Message History

Something bites your white imp but does no damage.
Something hits your white imp. The scorpion stings your white imp.
Your white imp hits the scorpion but does no damage.
You can't do that in your present form.
Okay, then.
You can't do that in your present form.
Okay, then.
You can't do that in your present form.
The iguana attacks as you move away! The iguana bites you.
Your white imp closely misses Ijyb.
Something stings your white imp.
Your white imp gestures at Ijyb.
The puff of frost hits Ijyb.
Something stings your white imp!
Your white imp dies!
Your white imp disappears in a puff of smoke!
Ijyb shouts!
The iguana attacks as you move away! The iguana closely misses you.
Your transformation is almost over.
You see here Ozocubu's Autobiography.
You pick up Ozocubu's Autobiography and begin reading...
You add the spells Ozocubu's Armour and Ozocubu's Refrigeration to your library.
The iguana bites you but does no damage.
The scorpion stings you but does no damage.
The scorpion attacks as you move away!
The scorpion stings you but does no damage.
The iguana attacks as you move away! The iguana bites you.
* * * LOW HITPOINT WARNING * * *
Found 6 stones and 16 gold pieces.
The iguana attacks as you move away! The iguana closely misses you.
Ijyb screams, "I no like you!"
You condense into your normal self.
Your +2 dagger of flaming unmelds from your body.
Your +0 helmet unmelds from your body.
Your +0 robe unmelds from your body.
Your +2 dagger of flaming bursts into flame!
Casting: Call Imp (safe; 13% risk of failure)
Confirm with . or Enter, or press ? or * to list all spells.
You miscast Blink.
You are very lightly contaminated with residual magic.
Nothing appears to happen.
The iguana bites you!
You die...

******,,,,,,,,,,,,,,,,,
**,,.#.....,,,>,,,,,,*,,
#,,>,.....,,,,,.∩....,#.
*#.,*,.....,,,,.......##.
**...###...,,*,...........
*,,,....$..***,.≈.≈≈≈≈≈.≈.
**,,**....#* **.≈.......≈.
**,##*#..# *..≈.≈...≈.≈.
*##..#.@## *#.≈.≈._.≈.≈.
#(...sl.# #.≈.≈...≈.§§
#.....r.####.≈.......§§
##..##..##...≈.≈≈≈≈≈.§r
#*###..#..)g#..........§s§
##.#....!.....s.....###.#.§
##..........................
*...................###....#
*##.................# ##...#


You could see Ijyb, a scorpion, an iguana and a quokka.

Vanquished Creatures
  An adder (D:2)
  4 ball pythons
  4 endoplasms
  4 giant cockroaches
  5 hobgoblins
  A jackal (D:1)
  6 bats
  A frilled lizard (D:1)
  2 goblins (D:1)
  3 kobolds
  6 rats
37 creatures vanquished.

Vanquished Creatures (collateral kills)
  A hound (D:4)
  2 adders (D:2)
  A dart slug (D:2)
  An orc (D:4)
  An endoplasm (D:1)
  A giant cockroach (D:1)
  A goblin (D:1)
  3 hobgoblins (D:1)
  A jackal (D:1)
  A quokka (D:2)
  A kobold (D:1)
  A rat (D:1)
15 creatures vanquished.

Vanquished Creatures (others)
  A plant (D:3)
1 creature vanquished.

Grand Total: 53 creatures vanquished

Notes
Turn   | Place    | Note
-------+----------+-------------------------------------------
     0 | D:1      | PimpSugar the Demonspawn Hedge Wizard began the quest for
                  | the Orb.
     0 | D:1      | Reached XP level 1. HP: 13/13 MP: 4/4
   114 | D:1      | Reached skill level 1 in Translocations
   437 | D:1      | Gained mutation: You regenerate magic rapidly. [demonic
                  | ancestry]
   437 | D:1      | Reached XP level 2. HP: 20/20 MP: 4/6
   462 | D:1      | Learned a level 2 spell: Call Imp
   467 | D:1      | Learned a level 1 spell: Slow
   470 | D:1      | Learned a level 2 spell: Blink
   696 | D:1      | Gained mutation: Your demonic aura sometimes causes spilled
                  | blood to erupt in flames. [demonic ancestry]
   696 | D:1      | Reached XP level 3. HP: 19/25 MP: 4/7
  1084 | D:2      | Found a shimmering blue altar of Sif Muna.
  1303 | D:2      | Became a worshipper of Sif Muna the Loreminder
  1464 | D:2      | Reached skill level 1 in Fighting
  1499 | D:2      | Reached XP level 4. HP: 32/32 MP: 3/9
  1933 | D:3      | Found a hazy altar of Hepliaklqana.
  1980 | D:3      | Found a blossoming altar of Fedhas.
  1997 | D:4      | Noticed a scorpion
  2007 | D:4      | Noticed a scorpion
  2009 | D:4      | Found a shimmering altar of Xom.
  2028 | D:4      | Noticed Ijyb
  2032 | D:4      | Found Unkot's Weapon Emporium.
  2057 | D:4      | Slain by an iguana

Illustrated notes

Levels and vault maps discovered:
D:1:      dpeg_arrival_rooms_b, layout_basic, kennysheep_small_spiral
D:2:      wad_crossroads, layout_loops_ring, basic_altar, nrook_uturn
D:3:      layout_rooms, nicolae_overflow_hidden_temple, fedhas_altar_1
D:4:      layout_cave_pools, elyvilon_altar_1,
          mainiacjoe_overflow_cross_hatched, serial_shops, shop, uniq_pikel,
          uniq_natasha, uniq_grinder, uniq_ijyb

Skill      XL: |  1  2  3  4 |
---------------+-------------+-----
Translocations | 1 |  1.4
Dodging        | 2 |  2.2
Stealth        | 2 |  2.3
Fighting       | 1 |  1.1
Conjurations   | 2 |  2.1
Spellcasting   | |  3.5
Hexes          | |  0.8
Summonings     | |  1.5

Action                     |  1- 3 |  4- 6 || total
---------------------------+-------+-------++-------
  Melee: Dagger            |    43 |     9 ||    52
         Punch             |     1 |       ||     1
   Cast: Magic Dart        |    47 |    18 ||    65
         Call Imp          |    12 |     7 ||    19
         Blink             |       |     3 ||     3
         Slow              |       |     1 ||     1
    Use: Scroll            |       |     4 ||     4
         Potion            |       |     3 ||     3
 Armour: Robe              |    10 |     4 ||    14
         Skin              |       |     3 ||     3
  Dodge: Dodged            |    52 |    31 ||    83

Table legend: (Time is in decaauts)
 A = Elapsed time spent in this place.
 B = Non-inter-level travel time spent in this place.
 C = Inter-level travel time spent in this place.
 D = Time resting spent in this place.
 E = Time spent auto-exploring this place.
 F = Levels seen in this place.
 G = Mean time per level.
                   A        B        C        D        E       F      G
               +--------+--------+--------+--------+--------+-----+--------+
         Total |   2037 |   1938 |     99 |      0 |   1298 |   4 |  509.2 |
       Dungeon |   2037 |   1938 |     99 |      0 |   1298 |   4 |  509.2 |
               +--------+--------+--------+--------+--------+-----+--------+

Top non-repeatable levels by time:
     D:1: 1004 daAuts
     D:2: 911 daAuts
     D:3: 71 daAuts
     D:4: 49 daAuts
